 Dungeon Crawl Stone Soup version 0.26.1-11-gd32895ea62 (webtiles) character file.

Game seed: 8073777204710025006

29496 StoopidFlanders the Impassioned (level 13, -5/105 HPs)
             Began as a Formicid Fighter on June 10, 2021.
             Was a Follower of Uskayaw.
             Slain by a death yak (8 damage)
             ... while petrified by a basilisk
             ... on level 3 of the Lair of Beasts.
             The game lasted 00:31:30 (14861 turns).

StoopidFlanders the Impassioned (Formicid Fighter) Turns: 14861, Time: 00:31:31

Health: -5/105     AC: 18    Str: 27    XL:     13   Next: 81%
Magic:  25/25      EV:  2    Int:  8    God:    Uskayaw [*.....]
Gold:   626        SH:  0    Dex: 10    Spells: 12/12 levels left

rFire    + + +     SeeInvis +   t - +12 whip of the Slicing Scorpion {flame, Str+6}
rCold    . . .     Faith    .   G - +2 buckler of Jeheuceo {Rampage rF+}
rNeg     + + +     Spirit   .   B - +0 plate armour {rPois}
rPois    ∞         Reflect  .   (helmet unavailable)
rElec    .         Harm     .   a - +0 cloak
rCorr    .         Rampage  +   C - +0 pair of gloves
Will     +....                  (no boots)
Stlth    ..........             E - amulet of the acrobat
HPRegen  0.27/turn              D - ring of Hyerecol {*Slow rPois rF+++ rN+ Str-5}
MPRegen  0.19/turn              b - +4 ring of evasion

@: petrified
A: permanent stasis, dig shafts and tunnels, four strong arms, antennae 3, slimy
green scales 1, wild magic 1
a: Dig, Shaft Self, Renounce Religion, Stomp


You were on level 3 of the Lair of Beasts.
You worshipped Uskayaw.
Uskayaw was most pleased with you.
You visited 3 branches of the dungeon, and saw 14 of its levels.

You collected 990 gold pieces.
You spent 364 gold pieces at shops.

Inventory:

Hand Weapons
 k - a +0 quarterstaff of draining
 t - the +12 whip of the Slicing Scorpion (weapon) {flame, Str+6}
   (You found it on level 9 of the Dungeon)

   It has been specially enchanted to burn those struck by it, causing extra
   injury to most foes and up to half again as much damage against particularly
   susceptible opponents.
   It affects your strength (+6).
 y - a +2 morningstar of flaming
Armour
 a - a +0 cloak (worn)
 B - a +0 plate armour of poison resistance (worn)
 C - a +0 pair of gloves (worn)
 G - the +2 buckler of Jeheuceo (worn) {Rampage rF+}
   (You found it on level 9 of the Dungeon)

   It protects you from fire.
   It bestows one free step when moving towards enemies.
Jewellery
 b - a +4 ring of evasion (right hand)
 D - the ring of Hyerecol (left hand) {*Slow rPois rF+++ rN+ Str-5}
   (You found it on level 7 of the Dungeon)

   [ring of positive energy]

   It affects your strength (-5).
   It renders you almost immune to fire.
   It protects you from poison.
   It protects you from negative energy.
   It may slow you when you take damage.
 E - an amulet of the acrobat (around neck)
Wands
 u - a wand of enslavement (2)
Scrolls
 c - 2 scrolls of identify
 h - 14 scrolls of remove curse
 j - a scroll of enchant armour
 l - a scroll of fog
 m - 3 scrolls of magic mapping
 n - 2 scrolls of enchant weapon
 v - 4 scrolls of fear
 w - a scroll of amnesia
 J - a scroll of immolation
 K - 2 scrolls of silence
 M - a scroll of summoning
Potions
 d - a potion of might
 e - a potion of lignification {unknown}
 f - 5 potions of mutation
 g - a potion of attraction {unknown}
 i - 3 potions of brilliance
 p - 2 potions of ambrosia {unknown}
 q - 2 potions of degeneration {unknown}
 s - 11 potions of curing
 x - a potion of invisibility
 z - 3 potions of heal wounds
 A - a potion of cancellation {unknown}
 I - 3 potions of resistance
 L - a potion of flight {unknown}


   Skills:
 + Level 10.8 Fighting
 - Level 11.3 Staves
 + Level 7.7 Armour
 + Level 5.6 Dodging
 - Level 6.3 Stealth
 + Level 10.3 Shields
 * Level 16.3 Invocations


You had 12 spell levels left.
You didn't know any spells.
Your spell library contained the following spells:

 Spells                   Type           Power        Failure   Level
 Animate Skeleton         Necr           0%           99%         1
 Apportation              Tloc           0%           99%         1
 Corona                   Hex            0%           99%         1
 Foxfire                  Conj/Fire      0%           99%         1
 Magic Dart               Conj           0%           99%         1
 Shock                    Conj/Air       0%           99%         1
 Summon Small Mammal      Summ           0%           99%         1
 Call Imp                 Summ           0%           100%        2
 Slow                     Hex            0%           100%        2
 Conjure Flame            Conj/Fire      0%           100%        3
 Inner Flame              Hex/Fire       0%           100%        3
 Mephitic Cloud           Conj/Pois/Air  0%           100%        3
 Static Discharge         Conj/Air       0%           100%        3
 Airstrike                Air            0%           100%        4
 Ice Form                 Ice/Tmut       0%           100%        4
 Sticky Flame             Conj/Fire      0%           100%        4
 Fireball                 Conj/Fire      0%           100%        5
 Lightning Bolt           Conj/Air       0%           100%        5
 Metabolic Englaciation   Hex/Ice        0%           100%        5
 Freezing Cloud           Conj/Ice/Air   0%           100%        6
 Ozocubu's Refrigeration  Ice            0%           100%        6
 Simulacrum               Ice/Necr       0%           100%        6
 Blink                    Tloc           Unusable     N/A         2
 Swiftness                Air            Unusable     N/A         2

Dungeon Overview and Level Annotations

Branches:
Dungeon (10/15)            Temple (1/1) D:7            Lair (3/6) D:10
  Snake (0/4) Lair:3
  Swamp: Lair:2-4    Shoals: Lair:2-4       Orc: D:9-12

Altars:
Gozag
Qazlal
Trog
Uskayaw
Vehumet
The Shining One

Shops:
D:4 }   D:5 ?   D:6 =*!(   D:7 *

Annotations:
D:8 3 runed translucent doors, Zeld's ghost, novice OpGl
D:10 3 runed translucent doors, Zeld's ghost, journeyman GrEE; bajaj10's ghost, novice TeSu
Lair:1 1 runed translucent door, oc3rt's ghost, novice HuHu


Innate Abilities, Weirdness & Mutations

You cannot be hasted, slowed, berserked, paralysed or teleported.
You can dig through walls and to a lower floor.
Your four strong arms can wield two-handed weapons with a shield.
You have a pair of large antennae on your head. (SInv)
You are partially covered in slimy green scales. (AC +2)
Your spells are a little harder to cast, but a little more powerful.


Message History

* * * LOW HITPOINT WARNING * * *
The death yak gores you!
* * * LOW HITPOINT WARNING * * *
The death yak gores you but does no damage.
The death yak gores you!
* * * LOW HITPOINT WARNING * * *
The wolf howls!
You hear a howl!
The basilisk seems to regain its courage.
The death yak gores you!
* * * LOW HITPOINT WARNING * * *
The basilisk gazes at you.
You easily resist.
The death yak gores you!
* * * LOW HITPOINT WARNING * * *
Magic restored.
The death yak gores you but does no damage. x2
The death yak gores you.
* * * LOW HITPOINT WARNING * * *
The death yak gores you but does no damage.
The death yak gores you!
You die...

P..............#
#..........?...#
#............## ##
#............# #P
##.......†...###
#.
#....{....#....#
##
#####Y.....#..##
#. #.#Y....#...#
#. #Y@Y..####..##
### #^.l..#
##..####..
##.h...#
##........
#....#.##.......##
............##...#
...........#####.#
...........# #..#
........<..## #...
....## #...


You could see 3 death yaks, a basilisk and a wolf.

Vanquished Creatures
  A hydra (Lair:1)
  Erica (D:8)
  A boulder beetle (Lair:1)
  10 death yaks
  Pikel (D:5)
  An ugly thing (D:8)
  2 black mambas (Lair:1)
  3 komodo dragons
  9 cane toads
  Maggie (D:6)
  A gargoyle (D:9)
  9 rime drakes (Lair:3)
  A polar bear (Lair:2)
  8 blink frogs
  4 dream sheep (Lair:1)
  Sigmund (D:5)
  18 yaks
  A basilisk (Lair:1)
  4 orc warriors
  A wyvern (Lair:2)
  11 steam dragons (Lair:3)
  3 nagas (Lair:3)
  6 water moccasins
  7 black bears
  5 sky beasts
  5 ice beasts
  A necrophage (D:5)
  4 wolves (Lair:2)
  5 ogres
  A phantom (D:8)
  3 centaurs
  6 bullfrogs
  7 scorpions
  10 killer bees
  5 wights (D:9)
  A centaur zombie (D:5)
  2 bullfrog zombies
  A quasit (D:10)
  A jelly (D:8)
  5 hounds
  3 orc priests
  4 orc wizards
  2 bullfrog skeletons
  2 centaur skeletons
  3 iguanas
  3 hell rats (D:10)
  3 worker ants
  A killer bee zombie (D:8)
  2 hound zombies
  2 worker ant zombies
  A howler monkey zombie (D:6)
  9 adders
  A gnoll (D:5)
  2 river rats (D:10)
  3 shadow imps
  4 white imps
  4 ufetubi
  3 oozes
  A worm (D:5)
  2 dart slugs (D:1)
  9 leopard geckos
  18 orcs
  6 bats
  2 giant cockroaches
  8 goblins
  9 hobgoblins
  14 jackals
  6 kobolds
  8 quokkas
  9 frilled lizards
  2 quokka skeletons
  9 rats
  A butterfly (Lair:2)
323 creatures vanquished.

Vanquished Creatures (collateral kills)
  3 orc priests (D:6)
  2 orc wizards (D:6)
  An iguana (D:6)
  A killer bee zombie (D:6)
  An orc (D:6)
  A jackal skeleton (D:6)
9 creatures vanquished.

Vanquished Creatures (others)
  A bush (Lair:3)
  19 fungi
  21 plants
  A withered plant (D:10)
42 creatures vanquished.

Grand Total: 374 creatures vanquished

Notes
Turn   | Place    | Note
-------+----------+-------------------------------------------
     0 | D:1      | StoopidFlanders the Formicid Fighter began the quest for
                  | the Orb.
     0 | D:1      | Reached XP level 1. HP: 18/18 MP: 1/1
   101 | D:1      | Reached skill level 1 in Stealth
   103 | D:1      | Reached XP level 2. HP: 20/24 MP: 2/2
   282 | D:1      | Reached XP level 3. HP: 29/29 MP: 3/3
   856 | D:2      | Reached XP level 4. HP: 26/35 MP: 4/4
  1870 | D:3      | Reached XP level 5. HP: 36/41 MP: 5/5
  2584 | D:4      | Found Qumefyis's Gadget Shop.
  2599 | D:4      | Noticed an ogre
  2601 | D:4      | Bought a wand of enslavement (7) for 99 gold pieces
  2628 | D:4      | Killed an ogre
  2629 | D:4      | Reached skill level 5 in Stealth
  2629 | D:4      | Reached XP level 6. HP: 47/47 MP: 6/6
  2801 | D:5      | Entered Level 5 of the Dungeon
  2862 | D:5      | Noticed a water moccasin
  2879 | D:5      | Killed a water moccasin
  2880 | D:5      | Reached skill level 5 in Staves
  2880 | D:5      | Reached XP level 7. HP: 50/52 MP: 7/7
  2925 | D:5      | Got a shadowed robe
  2936 | D:5      | Identified the +2 robe of the Harp {rElec rC++ Str-3 SInv}
                  | (You found it on level 5 of the Dungeon)
  2936 | D:5      | Found Pusuic's Magic Scroll Emporium.
  2946 | D:5      | Bought a scroll of fear for 45 gold pieces
  3296 | D:5      | Reached XP level 8. HP: 42/60 MP: 8/8
  3403 | D:5      | Noticed Sigmund
  3420 | D:5      | Killed Sigmund
  3431 | D:5      | Noticed Pikel
  3649 | D:5      | Killed Pikel
  3650 | D:5      | Reached skill level 5 in Fighting
  3650 | D:5      | Reached skill level 5 in Shields
  3650 | D:5      | Reached XP level 9. HP: 65/68 MP: 9/9
  3916 | D:6      | Found Zomuter's Distillery.
  3929 | D:6      | Bought a potion of invisibility for 80 gold pieces
  3937 | D:6      | Found Akazeg's Antique Weapon Boutique.
  4359 | D:6      | Noticed Maggie
  4421 | D:6      | Killed Maggie
  5142 | D:6      | Found Voruib's Jewellery Shoppe.
  5231 | D:6      | Found Coosta Jaumn's General Store.
  5533 | D:6      | Found an opulent altar of Gozag.
  5735 | D:7      | Found a staircase to the Ecumenical Temple.
  5746 | Temple   | Entered the Ecumenical Temple
  5751 | Temple   | Became a worshipper of Uskayaw the Reveller
  5776 | D:7      | Reached * piety under Uskayaw
  5807 | D:7      | Reached ** piety under Uskayaw
  5820 | D:7      | Reached skill level 1 in Invocations
  5821 | D:7      | Reached *** piety under Uskayaw
  5828 | D:7      | Reached **** piety under Uskayaw
  5967 | D:7      | Found Fiatauso's General Store.
  6037 | D:7      | Reached skill level 2 in Invocations
  6138 | D:7      | Got a transparent amber ring
  6147 | D:7      | Identified the ring of Hyerecol {*Slow rPois rF+++ rN+
                  | Str-5} (You found it on level 7 of the Dungeon)
  6234 | D:7      | Reached XP level 10. HP: 70/77 MP: 11/11
  6253 | D:7      | Reached skill level 3 in Invocations
  6602 | D:7      | Found the +3 robe of Folly {Archmagi, Will-- Int+5}
  6616 | D:7      | Gained mutation: You are partially covered in slimy green
                  | scales. (AC +2) [potion of mutation]
  6616 | D:7      | Gained mutation: Your spells are a little harder to cast,
                  | but a little more powerful. [potion of mutation]
  6632 | D:7      | Reached skill level 4 in Invocations
  6892 | D:7      | Found a glowing golden altar of the Shining One.
  6991 | D:6      | Bought a runed quarterstaff for 140 gold pieces
  7285 | D:8      | Found a runed translucent gate.
  7285 | D:8      | Found a runed translucent gate.
  7285 | D:8      | Found a runed translucent gate.
  7285 | D:8      | Noticed Zeld's ghost (novice OpGl)
  7323 | D:8      | Reached skill level 10 in Staves
  7323 | D:8      | Reached skill level 5 in Invocations
  7337 | D:8      | Noticed a cyan ugly thing
  7353 | D:8      | Noticed Erica
  7605 | D:8      | Identified the +1 robe "Cuucuck" {rC+ rCorr} (You found it
                  | on level 8 of the Dungeon)
  7710 | D:8      | Killed Erica
  7711 | D:8      | Reached skill level 6 in Invocations
  7870 | D:8      | Killed a cyan ugly thing
  7871 | D:8      | Reached skill level 7 in Invocations
  8161 | D:9      | Reached XP level 11. HP: 86/86 MP: 16/16
  8183 | D:9      | Reached skill level 8 in Invocations
  8614 | D:9      | Got an encrusted buckler
  8625 | D:9      | Identified the +2 buckler of Jeheuceo {Rampage rF+} (You
                  | found it on level 9 of the Dungeon)
  8653 | D:9      | Reached skill level 9 in Invocations
  8656 | D:9      | Reached ***** piety under Uskayaw
  8672 | D:9      | Got a scorched whip
  8673 | D:9      | Identified the +12 whip of the Slicing Scorpion {flame,
                  | Str+6} (You found it on level 9 of the Dungeon)
  8927 | D:9      | Reached skill level 10 in Invocations
  9362 | D:10     | Entered Level 10 of the Dungeon
  9630 | D:10     | Noticed a death yak
  9631 | D:10     | Found a staircase to the Lair.
  9631 | D:10     | Noticed a death yak
  9631 | D:10     | Noticed a death yak
  9648 | D:10     | Killed a death yak
  9656 | D:10     | Reached skill level 1 in Dodging
  9657 | D:10     | Killed a death yak
  9659 | D:10     | Killed a death yak
  9660 | D:10     | Reached skill level 11 in Invocations
 10584 | D:10     | Found a runed translucent gate.
 10585 | D:10     | Found a runed translucent gate.
 10586 | D:10     | Found a runed translucent gate.
 10586 | D:10     | Noticed Zeld's ghost (journeyman GrEE)
 10586 | D:10     | Noticed bajaj10's ghost (novice TeSu)
 10670 | Lair:1   | Entered Level 1 of the Lair of Beasts
 10911 | Lair:1   | Reached skill level 12 in Invocations
 10911 | Lair:1   | Reached XP level 12. HP: 95/95 MP: 19/21
 11007 | Lair:1   | Noticed a four-headed hydra
 11015 | Lair:1   | Killed a four-headed hydra
 11016 | Lair:1   | Reached skill level 5 in Armour
 11238 | Lair:1   | Reached skill level 13 in Invocations
 11522 | Lair:1   | Noticed a boulder beetle
 11813 | Lair:1   | Killed a boulder beetle
 12363 | Lair:1   | Found a runed translucent door.
 12365 | Lair:1   | Noticed oc3rt's ghost (novice HuHu)
 12849 | Lair:2   | Noticed a death yak
 12851 | Lair:2   | Noticed a death yak
 12851 | Lair:2   | Noticed a death yak
 12852 | Lair:2   | Noticed a death yak
 12853 | Lair:2   | Noticed a death yak
 12857 | Lair:2   | Noticed a death yak
 12860 | Lair:2   | Reached skill level 14 in Invocations
 12880 | Lair:2   | Killed a death yak
 12883 | Lair:2   | Killed a death yak
 12883 | Lair:2   | Killed a death yak
 12884 | Lair:2   | Reached skill level 10 in Fighting
 12885 | Lair:2   | Killed a death yak
 12886 | Lair:2   | Reached XP level 13. HP: 81/103 MP: 21/24
 12896 | Lair:2   | Reached skill level 15 in Invocations
 14027 | Lair:3   | Reached skill level 5 in Dodging
 14259 | Lair:3   | Reached skill level 10 in Shields
 14259 | Lair:3   | Reached skill level 16 in Invocations
 14262 | Lair:3   | Reached ****** piety under Uskayaw
 14698 | Lair:3   | Found a staircase to the Snake Pit.
 14859 | Lair:3   | HP: 4/105 [death yak (6)]
 14861 | Lair:3   | Slain by a death yak

Illustrated notes

Levels and vault maps discovered:
D:1:      mrwooster_arrival_arrow, layout_basic
D:2:      layout_rooms, hangedman_decor_opposing
D:3:      layout_loops_ring, kennysheep_big_empty_room
D:4:      layout_rooms, kennysheep_small_circle
D:5:      minmay_inner_zag, layout_rooms, serial_shops, nicolae_shop_waterfront,
          uniq_sigmund, uniq_pikel
D:6:      layout_gridville, kennysheep_mini_moat, serial_shops,
          nicolae_shop_waterfront, shop, nicolae_shop_crystal, shop, uniq_maggie
D:7:      layout_basic, lemuel_coloured_pillars_altar, minmay_temple_entry_tees,
          serial_shops, shop
D:8:      layout_cave_pods, gammafunk_ghost_necromancy, minmay_manual_mail,
          uniq_erica
D:9:      layout_basic
D:10:     layout_roguey, dpeg_lair_monsters, gammafunk_ghost_cemetery,
          moated_statue, hangedman_decor_peaks_small
Temple:   regret_index_temple_chain_breaker
Lair:1:   layout_loops_ring, gammafunk_ghost_grave
Lair:2:   layout_regular_city, serial_bayou_pond_c, grunt_megastairs_4,
          lemuel_fruit_fields, lemuel_fruit_tree
Lair:3:   layout_cave_pods, minmay_swamp_entry_worms,
          guppyfry_snake_entry_garden, bobbens_dragon_lair_wall, uniq_urug

Skill      XL: |  1  2  3  4  5  6  7  8  9 10 11 12 13 |
---------------+----------------------------------------+-----
Stealth        | 1 2 3 5 6 |  6.3
Staves         | 3 4 5 6 7 9 10 11 | 11.3
Shields        | 4 5 7 9 10 | 10.3
Fighting       | 4 5 6 8 9 10 | 10.8
Invocations    | 2 7 12 14 16 | 16.3
Dodging        | 2 4 5 |  5.6
Armour         | 4 6 7 |  7.7

Action                   |  1- 3 |  4- 6 |  7- 9 | 10-12 | 13-15 || total
-------------------------+-------+-------+-------+-------+-------++-------
Melee: Quarterstaff      |    87 |   129 |   172 |   127 |       ||   515
       Morningstar       |       |       |    99 |   121 |       ||   220
       Whip              |       |       |       |   272 |   194 ||   466
Invok: Stomp             |       |       |       |     4 |     1 ||     5
       Line Pass         |       |       |       |     2 |     1 ||     3
 Abil: Dig               |       |     4 |     5 |     5 |       ||    14
       Shaft Self        |       |       |       |       |     1 ||     1
Evoke: Wand              |       |       |     3 |     2 |       ||     5
  Use: Scroll            |       |     4 |       |     7 |     5 ||    16
       Potion            |       |     1 |       |     4 |       ||     5
 Stab: Sleeping          |       |     1 |     5 |       |       ||     6
       Paralysed         |       |       |     3 |    40 |    26 ||    69
       Confused          |       |       |       |     2 |     1 ||     3
Armor: Scale mail        |    32 |    31 |       |       |       ||    63
       Plate armour      |       |    18 |    35 |   185 |    61 ||   299
       Robe              |       |       |    15 |       |       ||    15
Dodge: Dodged            |    38 |    26 |   115 |   197 |    67 ||   443
Block: Kite shield       |    37 |    61 |   146 |   140 |       ||   384
       Buckler           |       |       |       |    86 |    53 ||   139
